 Dungeon Crawl Stone Soup version 0.20.0-8-g6b59dc7 (webtiles) character file.

543 Amnesiac the Cutter (level 7, -9/36 HPs)
             Began as a Deep Elf Enchanter on May 30, 2017.
             Mangled by an ogre
             ... wielding a +0 giant club
              (25 damage)
             ... on level 6 of the Dungeon.
             The game lasted 00:06:45 (1884 turns).

Amnesiac the Cutter (Deep Elf Enchanter)            Turns: 1884, Time: 00:06:46

Health: -9/36      AC:  4    Str:  5    XL:     7   Next: 6%
Magic:  4/15       EV: 13    Int: 20    God:
Gold:   99         SH:  0    Dex: 17    Spells: 3/15 levels left

rFire    . . .     SeeInvis .   a - +1 dagger
rCold    . . .     Gourm    .   (no shield)
rNeg     . . .     Faith    .   b - +0 robe
rPois    .         Spirit   .   q - +2 hat
rElec    .         Reflect  .   (no cloak)
rCorr    +         Harm     .   (no gloves)
MR       .....                  (no boots)
Stlth    ++........             (no amulet)
Regen    0.2/turn               (no ring)
MPRegen  0.2/turn               l - ring of resist corrosion

@: about to teleport, very slow
A: no striking features
a: no special abilities


You were on level 6 of the Dungeon.
You were not hungry.

You visited 1 branch of the dungeon, and saw 6 of its levels.

You collected 99 gold pieces.

Inventory:

Hand Weapons
 a - a +1 dagger (weapon)
Missiles
 e - 43 stones (quivered)
 g - 11 poisoned needles
 h - 4 tomahawks
Armour
 b - a +0 robe (worn)
 q - a +2 hat (worn)
Jewellery
 l - a ring of resist corrosion (right hand)
Scrolls
 k - a scroll of fog {!r, unknown}
 m - 3 scrolls of remove curse {!r}
 n - a scroll of noise {!r, unknown}
 o - 3 scrolls of teleportation {!r}
 p - a scroll of identify {!r}
 r - a scroll of recharging {!r, unknown}
 s - a scroll of magic mapping {!r, unknown}
Potions
 j - 2 potions of flight {!q}
Books
 c - a book of Maledictions

   Spells                             Type                      Level
   a - Corona                         Hexes                        1
   b - Ensorcelled Hibernation        Hexes/Ice                    2
   c - Confuse                        Hexes                        3
   d - Tukima's Dance                 Hexes                        3
   e - Dazzling Spray                 Conjuration/Hexes            3
Comestibles
 d - 2 bread rations
 f - 2 meat rations


   Skills:
 - Level 6.4 Short Blades
 - Level 2.4 Dodging
 + Level 4.5 Stealth
 + Level 4.6 Spellcasting
 + Level 4.5 Hexes


You had 3 spell levels left.
You knew the following spells:

 Your Spells              Type           Power        Failure   Level  Hunger
a - Ensorcelled Hibernat  Hex/Ice        ##....       7%          2    #......
b - Corona                Hex            ###....      1%          1    None
c - Dazzling Spray        Conj/Hex       ##....       14%         3    ##.....
e - Confuse               Hex            ###.....     5%          3    ##.....
w - Tukima's Dance        Hex            ###.....     5%          3    ##.....


Dungeon Overview and Level Annotations

Branches:
Dungeon (6/15)
 Temple: D:4-7

Altars:
Kikubaaqudgha
Qazlal
Uskayaw

Portals:
Sewer: D:6

Annotations:
D:3 mopl's ghost, amateur DEFE
D:4 exclusion: ogre


Message History

Aim: a gnoll (chance to defeat MR: 61%)
The gnoll appears confused.
You catch the helpless gnoll completely off-guard!
You impale the gnoll!!
You kill the gnoll!
The gnoll hits your halberd.
The gnoll hits your halberd but does no damage.
The gnoll dies!
Your halberd falls from the air.
A shadow imp comes into view.
The shadow imp shouts, "Leave, thou shaky bat-fowling haggard!"
The shadow imp shouts, "Go and return not, thou villainous nut-hook pissant!"
There is a stone staircase leading down here.
You climb downwards.
You hear the sound of rushing water.
There is an entrance to a sewer on this level.
Hurry and find it before the portal rusts away!
You hear the slow rusting of a very distant drain.
The crimson imp misses you.
There is a stone staircase leading up here.
Unknown command.
An ogre comes into view. It is wielding a giant club.
The crimson imp blinks!
A centaur comes into view.
A leopard gecko and 2 giant cockroaches come into view.
The centaur moves out of view.
The crimson imp summons a swarm of flies.
Found a glowing drain.
Found a stone staircase leading down and a stone staircase leading up.
You see here a worker ant corpse.
A leopard gecko comes into view.
The leopard gecko hisses angrily.
The crimson imp blinks!
A giant cockroach comes into view.
The leopard gecko hisses angrily.
The centaur shouts!
The ogre shouts!
You hit the giant cockroach.
The giant cockroach is moderately wounded.
You hear a shout!
The giant cockroach bites you.
A leopard gecko comes into view.
The leopard gecko hisses angrily.
The giant cockroach barely misses you. The hound bites you but does no damage.
You enter the shallow water.
Moving in this stuff is going to be slow.
The giant cockroach closely misses you. The leopard gecko bites you.
* * * LOW HITPOINT WARNING * * *
The hound bites you but does no damage.
The leopard gecko splashes around in the water.
The giant cockroach closely misses you. The leopard gecko bites you.
* * * LOW HITPOINT WARNING * * *
The ogre barely misses you.
Okay, then.
Okay, then.
Really read
o - 4 scrolls of teleportation {!r}?
As you read the scroll of teleportation {!r}, it crumbles to dust.
You feel strangely unstable. The hound closely misses you.
The giant cockroach closely misses you.
The leopard gecko bites you but does no damage.
The giant cockroach bites you.
* * * LOW HITPOINT WARNING * * *
The leopard gecko closely misses you. The hound completely misses you.
The giant cockroach bites you but does no damage.
The ogre hits you with a giant club!!
Ouch! That really hurt!
You die...

#o.# ### #..##..#
#.)..$.# #......+
+<.##?.# #..# ..#
#..##.†##########
.>.....cohls≈≈≈≈≈≈
.<.....o5s@ll≈∩≈≈≈
##..#####O≈s≈≈≈≈≈≈
#.. ########## #..
#.


You could see an ogre, a centaur, a hound, a crimson imp, 2 orcs, 3 leopard
geckos and 3 giant cockroaches.

Vanquished Creatures
  A sky beast (D:5)
  A phantom (D:4)
  A crimson imp (D:6)
  2 orc wizards
  An orc priest (D:4)
  An iguana (D:4)
  3 worker ants
  A gnoll (D:5)
  3 adders
  An adder skeleton (D:3)
  A worm (D:3)
  A dart slug (D:3)
  A leopard gecko (D:2)
  5 orcs
  A ball python (D:3)
  A giant cockroach (D:1)
  A goblin (D:1)
  2 kobolds (D:3)
  2 bats
  3 rats
33 creatures vanquished.

Vanquished Creatures (collateral kills)
  An ogre (D:4)
  A gnoll (D:5)
2 creatures vanquished.

Grand Total: 35 creatures vanquished

Notes
Turn   | Place    | Note
-------+----------+-------------------------------------------
     0 | D:1      | Amnesiac the Deep Elf Enchanter began the quest for the Orb.
     0 | D:1      | Reached XP level 1. HP: 10/10 MP: 6/6
   321 | D:2      | Found a hide-covered altar of Uskayaw.
   321 | D:2      | Found an ancient bone altar of Kikubaaqudgha.
   321 | D:2      | Found a stormy altar of Qazlal.
   356 | D:3      | Reached XP level 2. HP: 14/15 MP: 6/8
   360 | D:3      | Learned a level 2 spell: Ensorcelled Hibernation
   455 | D:4      | Noticed an ogre
  1007 | D:3      | Noticed mopl's ghost (amateur DEFE)
  1043 | D:3      | Reached XP level 3. HP: 19/19 MP: 10/10
  1052 | D:3      | Learned a level 3 spell: Confuse
  1060 | D:3      | Reached skill level 2 in Short Blades
  1337 | D:4      | Noticed an ogre
  1356 | D:4      | Learned a level 3 spell: Tukima's Dance
  1368 | D:4      | Reached skill level 3 in Short Blades
  1368 | D:4      | Reached XP level 4. HP: 19/24 MP: 2/12
  1576 | D:4      | Killed an ogre
  1576 | D:4      | Reached skill level 4 in Short Blades
  1576 | D:4      | Reached XP level 5. HP: 28/28 MP: 5/13
  1646 | D:4      | Noticed a phantom
  1651 | D:4      | Killed a phantom
  1651 | D:4      | Reached skill level 5 in Short Blades
  1651 | D:4      | Reached XP level 6. HP: 32/32 MP: 10/14
  1656 | D:4      | Learned a level 3 spell: Dazzling Spray
  1730 | D:5      | Entered Level 5 of the Dungeon
  1730 | D:5      | Noticed a sky beast
  1732 | D:5      | Killed a sky beast
  1732 | D:5      | Reached skill level 6 in Short Blades
  1794 | D:5      | HP: 1/32 [orc wizard/puff of flame (12)]
  1797 | D:5      | Reached XP level 7. HP: 11/36 MP: 0/15
  1879 | D:6      | Found a glowing drain.
  1884 | D:6      | Mangled by an ogre

Skill      XL: |  1  2  3  4  5  6 |
---------------+-------------------+-----
Stealth        | 4 |  4.5
Spellcasting   | 4 |  4.6
Short Blades   | 3 4 5 6 |  6.4
Dodging        | |  2.4
Hexes          | |  4.5

Action                   |  1- 3 |  4- 6 |  7- 9 || total
-------------------------+-------+-------+-------++-------
Melee: Dagger            |    38 |    30 |     2 ||    70
 Cast: Corona            |     6 |       |       ||     6
       Ensorcelled Hiber |    17 |     8 |       ||    25
       Tukima's Dance    |       |     1 |     1 ||     2
       Confuse           |       |     7 |     2 ||     9
  Use: Scroll            |     3 |       |     1 ||     4
       Potion            |       |     2 |       ||     2
 Stab: Sleeping          |    16 |     9 |       ||    25
       Confused          |       |     3 |     1 ||     4
  Eat: Chunk             |     2 |     2 |       ||     4
Armor: Robe              |     2 |     7 |     4 ||    13
Dodge: Dodged            |    21 |    19 |     9 ||    49
